 Dungeon Crawl Stone Soup version 0.26-a0-537-g96b2eae49b (webtiles) character file.

Game seed: 16054978134228139825

1064 Eifo4Ohj9gu9Dob0ohLe the Chopper (level 8, -6/69 HPs)
             Began as a Purple Draconian Berserker on Aug 14, 2020.
             Was a Priest of Trog.
             Mangled by Harold
             ... wielding a +0 flail
              (12 damage)
             ... on level 7 of the Dungeon.
             The game lasted 00:28:42 (3912 turns).

Eifo4Ohj9gu9Dob0ohLe the Chopper (DrBe)             Turns: 3912, Time: 00:28:42

Health: -6/69      AC:  9    Str: 21      XL:     8   Next: 6%
Magic:  8/8        EV: 13    Int:  6 (8)  God:    Trog [***...]
Gold:   255        SH:  0    Dex: 10 (11) Spells: 7/7 levels left

rFire    . . .     SeeInvis .   m - +4 spear
rCold    . . .     Faith    .   (no shield)
rNeg     . . .     Spirit   .   (armour unavailable)
rPois    .         Reflect  .   (helmet restricted)
rElec    .         Harm     .   (no cloak)
rCorr    .                      (no gloves)
MR       +....                  l - +2 pair of boots {Stlth+}
Stlth    +++.......             (no amulet)
HPRegen  0.21/turn              (no ring)
MPRegen  0.11/turn              (no ring)

@: marked, berserk cooldown
A: breathe power, unfitting armour, cold-blooded, AC +6
a: Breathe Dispelling Energy, Berserk, Trog's Hand, Renounce Religion


You were on level 7 of the Dungeon.
You worshipped Trog.
Trog was most pleased with you.
You visited 1 branch of the dungeon, and saw 6 of its levels.

You collected 255 gold pieces.

Inventory:

Hand Weapons
 a - a +0 hand axe
 b - a +0 whip
 f - a +0 long sword
 g - a +0 rapier of speed
 i - a +0 dagger
 m - a +4 spear (weapon)
Missiles
 x - 14 poisoned darts (quivered)
Armour
 l - a +2 pair of boots of stealth (worn)
Jewellery
 j - a +6 ring of intelligence {unknown}
 k - an uncursed amulet of magic regeneration {unknown}
 o - an uncursed ring of flight {unknown}
 p - an uncursed ring of resist corrosion {unknown}
 r - an uncursed ring of protection from fire {unknown}
 s - an uncursed amulet of the acrobat {unknown}
Wands
 w - a wand of acid (11)
Scrolls
 c - 5 scrolls of identify
 n - a scroll of remove curse
 q - a scroll of amnesia
 v - a scroll of fog
Potions
 d - 2 potions of degeneration
 e - 2 potions of curing
 h - 3 potions of brilliance
 t - a potion of magic
 u - a potion of might {unknown}
 z - a potion of flight


   Skills:
 * Level 5.5 Fighting
 * Level 5.9(6.7) Axes
 * Level 4.6(6.0) Polearms
 + Level 4.2 Dodging
 + Level 2.5 Stealth


You had 7 spell levels left.
You didn't know any spells.
Your spell library was empty.

Dungeon Overview and Level Annotations

Branches:
Dungeon (8/15)             Temple (0/1) D:7
   Lair: D:8-11

Altars:
Makhleb

Portals:
Bailey: D:8

Annotations:
D:7 Harold


Innate Abilities, Weirdness & Mutations

You can breathe bolts of dispelling energy.
Your rich purple scales are hard. (AC +6)
You cannot fit into any form of body armour.
You are cold-blooded and may be slowed by cold attacks.


Message History

The ogre is moderately wounded.
The ogre hits you with a +0 giant club!!
* * * LOW HITPOINT WARNING * * *
Harold hits you but does no damage.
You feel better. The ogre barely misses you.
The orc wizard casts a spell.
The orc wizard flickers and vanishes!
Deactivating autopickup; reactivate with Ctrl-A.
Harold hits you with a +0 flail!
* * * LOW HITPOINT WARNING * * *
The ogre misses you.
You feel better.
You feel yourself speed up. Harold hits you with a +0 flail!
* * * LOW HITPOINT WARNING * * *
The ogre misses you.
You puncture the ogre! You tail-slap the ogre.
The ogre is severely wounded.
Harold hits you with a +0 flail!
You die...

# #...........#
#.....#
###...........#
#.##.##
.........######
#.##.# ##.......#
#.##.# ##.......#
#########.##.#
###.######
#.........##.# #..#
#.##########.#
####.#############.#
#.#
..............{@@#.##
#.#
####.####.######O#..#
#.# #..# #.# #o##.#
#.# ##.###.# #....#
#.# #..##.#### ######
#.# ##.#.....# #...#
#.# #.......#
#.#.##### #.#
##......# #.#.....#
#.# #......#
#.#####.######.#


You could see Harold, an orc warrior and an ogre.

Vanquished Creatures
  A hippogriff (D:6)
  A sky beast (D:6)
  A black bear (D:8)
  A phantom (D:6)
  An ogre (D:8)
  A centaur (D:6)
  A bullfrog (D:6)
  A scorpion (D:6)
  2 howler monkeys (D:8)
  A bullfrog zombie (D:6)
  2 orc wizards
  3 worker ants
  4 adders
  A white imp (D:6)
  An ufetubus (D:3)
  An ooze (D:1)
  An adder skeleton (D:6)
  2 dart slugs (D:2)
  2 leopard geckos
  9 orcs
  3 giant cockroaches
  7 goblins
  5 hobgoblins
  6 jackals
  A quokka (D:7)
  2 ball pythons
  6 bats
  4 frilled lizards
  7 kobolds
  5 rats
83 creatures vanquished.

Notes
Turn   | Place    | Note
-------+----------+-------------------------------------------
     0 | D:1      | Eifo4Ohj9gu9Dob0ohLe the Draconian Berserker began the
                  | quest for the Orb.
     0 | D:1      | Reached XP level 1. HP: 19/19 MP: 1/1
   227 | D:1      | Reached XP level 2. HP: 26/26 MP: 2/2
   843 | D:1      | Reached XP level 3. HP: 33/33 MP: 3/3
  1144 | D:2      | Reached ** piety under Trog
  1831 | D:3      | Found a burning altar of Makhleb.
  1837 | D:3      | Reached XP level 4. HP: 38/40 MP: 4/4
  1965 | D:3      | You fall into a shaft and drop 3 floors!
  2037 | D:6      | Reached skill level 1 in Stealth
  2053 | D:6      | Noticed a hippogriff
  2065 | D:6      | Killed a hippogriff
  2065 | D:6      | Reached skill level 1 in Polearms
  2065 | D:6      | Reached XP level 5. HP: 10/47 MP: 5/5
  2399 | D:6      | Reached skill level 5 in Axes
  2399 | D:6      | Reached XP level 6. HP: 47/53 MP: 6/6
  2717 | D:6      | Your scales start taking on a rich purple colour.
  2717 | D:6      | Reached XP level 7. HP: 58/60 MP: 7/7
  2734 | D:6      | Reached skill level 5 in Fighting
  3405 | D:7      | Found a staircase to the Ecumenical Temple.
  3820 | D:8      | Reached *** piety under Trog
  3863 | D:8      | Found a flagged portal.
  3890 | D:8      | Reached XP level 8. HP: 69/69 MP: 8/8
  3893 | D:8      | Noticed Harold
  3912 | D:7      | Mangled by Harold

Illustrated notes

Levels and vault maps discovered:
D:1:      minmay_arrival_stair_chambers, layout_basic,
          minmay_misc_feat_nine_boxes, minivault_24
D:2:      layout_basic, supply_closet_lemuel
D:3:      layout_rooms, old_standard_altar, kennysheep_small_spiral,
          kennysheep_big_empty_room, uniq_sigmund
D:6:      layout_cave_pools, hangedman_minor_gate_pass
D:7:      layout_basic, minmay_temple_entry_mini_moons
D:8:      minmay_spotlight, layout_gridville, enter_bailey_6, uniq_erica,
          uniq_grum, uniq_harold

Skill      XL: |  1  2  3  4  5  6  7 |
---------------+----------------------+-----
Dodging        | 3 4 |  4.2
Axes           | 4 5 |  5.9
Stealth        | 1 2 |  2.5
Fighting       | 4 5 |  5.5
Polearms       | 1 2 4 |  4.6

Action                   |  1- 3 |  4- 6 |  7- 9 || total
-------------------------+-------+-------+-------++-------
Melee: Hand axe          |   131 |       |       ||   131
       Tailslap          |    16 |     5 |    11 ||    32
       Spear             |    11 |    67 |    81 ||   159
Invok: Berserk           |       |     3 |     3 ||     6
 Abil: Breathe Dispellin |       |       |     1 ||     1
  Use: Scroll            |     2 |     4 |     2 ||     8
       Potion            |       |       |     9 ||     9
 Stab: Sleeping          |       |     2 |     2 ||     4
Armor: Skin              |    59 |    19 |    27 ||   105
Dodge: Dodged            |   109 |    37 |    44 ||   190

Table legend: (Time is in decaauts)
 A = Elapsed time spent in this place.
 B = Non-inter-level travel time spent in this place.
 C = Inter-level travel time spent in this place.
 D = Time resting spent in this place.
 E = Time spent auto-exploring this place.
 F = Levels seen in this place.
 G = Mean time per level.
                   A        B        C        D        E       F      G
               +--------+--------+--------+--------+--------+-----+--------+
         Total |   3944 |   3923 |     21 |    359 |   1463 |   6 |  657.3 |
       Dungeon |   3944 |   3923 |     21 |    359 |   1463 |   6 |  657.3 |
               +--------+--------+--------+--------+--------+-----+--------+

Top non-repeatable levels by time:
     D:6: 1229 daAuts
     D:1: 979 daAuts
     D:2: 753 daAuts
     D:7: 610 daAuts
     D:3: 246 daAuts
     D:8: 124 daAuts
